 Dungeon Crawl Stone Soup version 0.27-a0-423-gf312af23e9 (webtiles) character file.

Game seed: 15583997066674360431

8 kniiight the Sneak (level 2, -3/13 HPs)
             Began as a Spriggan Enchanter on Feb 26, 2021.
             Slain by a gnoll
             ... wielding a +0 flail
              (8 damage)
             ... on level 1 of the Dungeon.
             The game lasted 00:01:36 (745 turns).

kniiight the Sneak (Spriggan Enchanter)              Turns: 745, Time: 00:01:36

Health: -3/13      AC:  2    Str:  4    XL:     2   Next: 0%
Magic:  0/6        EV: 17    Int: 16    God:
Gold:   130        SH:  0    Dex: 15    Spells: 3/6 levels left

rFire    . . .     SeeInvis +   a - +1 dagger
rCold    . . .     Faith    .   (shield restricted)
rNeg     . . .     Spirit   .   b - +0 robe
rPois    .         Reflect  .   (helmet restricted)
rElec    .         Harm     .   (no cloak)
rCorr    .         Rampage  .   (gloves unavailable)
Will     .....                  (boots unavailable)
Stlth    +++.......             (no amulet)
HPRegen  0.04/turn              (no ring)
MPRegen  0.10/turn              (no ring)

@: very slightly contaminated, very quick
A: very small, unfitting armour, see invisible, speed 3
a: no special abilities


You were on level 1 of the Dungeon.
You visited 1 branch of the dungeon, and saw 2 of its levels.

You collected 130 gold pieces.

Inventory:

Hand Weapons
 a - a +1 dagger (weapon)
Armour
 b - a +0 robe (worn)
Scrolls
 c - a scroll of identify {unknown}
Potions
 d - a potion of mutation {unknown}
 e - a potion of attraction {unknown}


   Skills:
 + Level 1.2 Short Blades
 + Level 2.7 Dodging
 + Level 4.7 Stealth
 + Level 2.9 Spellcasting
 + Level 3.9 Hexes


You had 3 spell levels left.
You knew the following spells:

 Your Spells              Type           Power        Failure   Level
a - Corona                Hex            15%          3%          1
b - Ensorcelled Hibernat  Hex/Ice        16%          13%         2

Your spell library contained the following spells:

 Spells                   Type           Power        Failure   Level
 Confusing Touch          Hex            14%          11%         3
 Tukima's Dance           Hex            14%          11%         3
 Dazzling Flash           Conj/Hex       16%          26%         3


Dungeon Overview and Level Annotations

Branches:
Dungeon (2/15)

Altars:
The Shining One

Annotations:
D:1 1 runed translucent door


Innate Abilities, Weirdness & Mutations

You are very small and have problems with some larger weapons.
You are too small for most types of armour.
You have supernaturally acute eyesight. (SInv)
You cover ground extremely quickly.


Message History

The gnoll resists with some effort.
The gnoll closely misses you.
There is a stone staircase leading down here.
You see here 5 javelins.
You start resting.
A gnoll is nearby!
Casting: Ensorcelled Hibernation (safe; 13% risk of failure)
Confirm with . or Enter, or press ? or * to list all spells.
Aiming: Ensorcelled Hibernation (safe; 13% risk of failure)
Press: ? - help, Shift-Dir - straight line, f/p - gnoll
Aim: a gnoll, wielding a +0 flail (chance to affect: 49%)
You miscast Ensorcelled Hibernation.
You are very lightly contaminated with residual magic.
Nothing appears to happen.
Casting: Ensorcelled Hibernation (safe; 13% risk of failure)
Confirm with . or Enter, or press ? or * to list all spells.
You don't have enough magic to cast this spell.
Aiming: Corona (safe; 3% risk of failure)
Press: ? - help, Q - select action, (/) - cycle Shift-Dir - straight line, f/p - gnoll
Aim: a gnoll, wielding a +0 flail (chance to affect: 60%)
The gnoll is outlined in light.
Casting: Corona (safe; 3% risk of failure)
Confirm with . or Enter, or press ? or * to list all spells.
Okay, then.
You hit the gnoll.
The gnoll is lightly wounded.
You hit the gnoll.
The gnoll is moderately wounded.
The gnoll closely misses you.
You hit the gnoll.
The gnoll is moderately wounded.
The gnoll barely misses you.
You hit the gnoll but do no damage.
The gnoll is moderately wounded.
The gnoll stops glowing.
The gnoll hits you with a +0 flail!
Ouch! That really hurt!
You hit the gnoll.
The gnoll is heavily wounded.
The gnoll hits you with a +0 flail!
Ouch! That really hurt!
You die...

###......## # ##.## #....###
#...# #♣♣..# ##.#.## ### #..♣P# .
##..#..###.# ##....♣####..#
##..###..##.# #P..P.PP....#
##..## ##....#
##...≈...♣########..##...##..##
#..♣≈≈≈≈..####.....#+..8..##..##
#.P♣♣≈≈≈≈......@g.##..8.8..##...
##..♣≈≈≈♣≈P###...### .8._.8. ###.
.....♣♣≈≈♣.........##..8.8..##...
.##...≈♣≈...###.....##..8..##..##
.###.g.♣≈♣.## #####..##...##....(
.# ##P....## ##..## ##...).. .#
#...P.# ##..###....>.. ## ##P..##
##..#....#### ##### ##.#...##


You could see a gnoll.

Vanquished Creatures
  2 goblins (D:1)
  2 hobgoblins (D:1)
  2 bats (D:1)
  A frilled lizard (D:1)
  A kobold (D:1)
8 creatures vanquished.

Vanquished Creatures (others)
  4 toadstools (D:1)
4 creatures vanquished.

Grand Total: 12 creatures vanquished

Notes
Turn   | Place    | Note
-------+----------+-------------------------------------------
     0 | D:1      | kniiight the Spriggan Enchanter began the quest for the
                  | Orb.
     0 | D:1      | Reached XP level 1. HP: 9/9 MP: 5/5
     1 | D:1      | Found a runed translucent door.
   100 | D:1      | Found a glowing golden altar of the Shining One.
   548 | D:1      | Reached XP level 2. HP: 9/13 MP: 6/6
   671 | D:1      | Learned a level 2 spell: Ensorcelled Hibernation
   745 | D:1      | Slain by a gnoll

Illustrated notes

Levels and vault maps discovered:
D:1:      dpeg_arrival_caged_fury, layout_rooms, serial_bayou,
          serial_bayou_ford_a, serial_bayou_pond_a, serial_bayou_shore_a,
          serial_bayou_crossing, minmay_gold_behind_fungi,
          roderic_serpentine_path, tso_metal_star
D:2:      layout_loops_cross, elyvilon_altar_4, minmay_lizard_pond, uniq_sigmund

Action                   || total
-------------------------++-------
Melee: Dagger            ||    36
 Cast: Ensorcelled Hiber ||     3
       Corona            ||     1
 Stab: Sleeping          ||     1
Armor: Robe              ||     3
Dodge: Dodged            ||    31

Table legend: (Time is in decaauts)
 A = Elapsed time spent in this place.
 B = Non-inter-level travel time spent in this place.
 C = Inter-level travel time spent in this place.
 D = Time resting spent in this place.
 E = Time spent auto-exploring this place.
 F = Levels seen in this place.
 G = Mean time per level.
                   A        B        C        D        E       F      G
               +--------+--------+--------+--------+--------+-----+--------+
         Total |    649 |    649 |      0 |    229 |    301 |   2 |  324.5 |
       Dungeon |    649 |    649 |      0 |    229 |    301 |   2 |  324.5 |
               +--------+--------+--------+--------+--------+-----+--------+

Top non-repeatable levels by time:
     D:1: 431 daAuts
     D:2: 217 daAuts
